 Dungeon Crawl Stone Soup version 0.27.0-1-g7a089689b8 (webtiles) character file.

Game seed: 6383051440977732053

1002 sanka the Ducker (level 8, -4/46 HPs)
             Began as a Deep Elf Gladiator on Aug 3, 2021.
             Was a Believer of Okawaru.
             Slain by Pikel (11 damage)
             ... on level 5 of the Dungeon.
             The game lasted 00:09:55 (7121 turns).

sanka the Ducker (Deep Elf Gladiator)               Turns: 7121, Time: 00:09:56

Health: -4/46      AC:  5    Str: 11    XL:     8   Next: 0%
Magic:  13/13      EV: 18    Int: 22    God:    Okawaru [**....]
Gold:   119        SH:  0    Dex: 16    Spells: 7/7 levels left

rFire    + . .     SeeInvis .   a - +0 quarterstaff
rCold    + . .     Faith    .   (shield currently unavailable)
rNeg     . . .     Spirit   .   u - +1 leather armour of Perpetual Drought {rC+}
rPois    .         Reflect  .   c - +0 helmet
rElec    .         Harm     .   (no cloak)
rCorr    .         Rampage  .   (no gloves)
Will     .....                  (no boots)
Stlth    +++.......             o - amulet of regeneration
HPRegen  1.15/turn              t - ring of protection from fire
MPRegen  0.13/turn              e - +6 ring of intelligence

@: heroic
A: no striking features
a: Renounce Religion, Heroism


You were on level 5 of the Dungeon.
You worshipped Okawaru.
Okawaru was pleased with you.
You visited 1 branch of the dungeon, and saw 5 of its levels.

You collected 294 gold pieces.
You spent 175 gold pieces at shops.


   Skills:
 - Level 3.0(8.0) Fighting
 + Level 6.0(11.0) Staves
 - Level 2.0(7.0) Throwing
 + Level 7.8(12.8) Dodging
 - Level 4.0 Invocations


You had 7 spell levels left.
You didn't know any spells.
Your spell library contained the following spells:

 Spells                   Type           Power      Damage    Failure   Level
 Apportation              Tloc           0%         N/A       22%         1

Inventory:

Hand Weapons
 a - a +0 quarterstaff (weapon)
Missiles
 v - 5 curare-tipped darts (quivered) {=f}
Armour
 c - a +0 helmet (worn)
 u - the +1 leather armour of Perpetual Drought (worn) {rC+} rC: It protects you from cold.
Jewellery
 e - a +6 ring of intelligence (right hand)
 l - a ring of protection from fire
 o - an amulet of regeneration (around neck)
 t - a ring of protection from fire (left hand)
Wands
 p - a wand of polymorph (7)
Scrolls
 b - a scroll of enchant weapon {unknown}
 g - a scroll of immolation {unknown}
 h - 4 scrolls of identify {unknown}
 i - 2 scrolls of blinking {unknown}
 j - a scroll of fog {unknown}
 k - a scroll of fear {unknown}
 m - a scroll of holy word {unknown}
 q - a scroll of magic mapping {unknown}
Potions
 f - 2 potions of brilliance
 n - a potion of mutation {unknown}
 r - a potion of attraction {unknown}
 s - a potion of invisibility

Dungeon Overview and Level Annotations

Branches:
Dungeon (5/15)
 Temple: D:4-7

Altars:
Cheibriados
Gozag
Kikubaaqudgha
Nemelex Xobeh
Okawaru
Qazlal
Sif Muna
Trog
Uskayaw
Vehumet

Shops:
D:1 !([   D:3 (*   D:4 ?=[(*

Annotations:
D:5 Pikel

..▒ ▒▒'▒▒ ▒.▒ ▒.
▒.▒ ▒.▒ ▒▒.▒▒ ▒▒
▒.▒ ▒.▒ ▒...▒
▒.▒▒▒▒.▒▒ ▒▒.▒▒
.....(..▒▒ ▒.▒
▒.▒▒.....▒ ▒.▒
..▒▒▒...▒▒▒ ▒.▒
▒▒........▒▒▒▒▒▒▒.▒
▒.▒▒........55Ke.▒
▒.▒▒▒.▒▒.▒▒▒▒▒▒▒▒▒
▒.▒ ▒.▒▒.▒
▒.▒▒▒.▒▒5▒
▒........▒
▒▒▒▒▒5▒▒▒▒ ▒.▒
▒▒5▒▒▒▒▒▒▒
▒.........


You could see Pikel and 2 lemures.


Message History

Unknown command.
You hit Pikel.
Pikel is heavily wounded.
Pikel hits you with a +2 whip of electrocution.
Unknown command.
You barely miss Pikel.
Pikel is heavily wounded.
Pikel hits you with a +2 whip of electrocution!
You hit Pikel.
Pikel is heavily wounded.
Pikel hits you with a +2 whip of electrocution.
You are electrocuted!
* * * LOW HITPOINT WARNING * * *
You hit Pikel.
Pikel is severely wounded.
Pikel hits you with a +2 whip of electrocution!
* * * LOW HITPOINT WARNING * * *
Unknown command.
Throw: 7 darts (curare) {=f}
Aim: Pikel, wielding a +2 whip of electrocution and wearing a +0 robe (severely wounded, 61% to hit)
You throw a curare-tipped dart {=f}.
The curare-tipped dart {=f} barely misses Pikel.
Throw: 6 darts (curare) {=f}
Aim: Pikel, wielding a +2 whip of electrocution and wearing a +0 robe (severely wounded, 61% to hit)
You throw a curare-tipped dart {=f}.
The curare-tipped dart {=f} closely misses Pikel.
Pikel hits you with a +2 whip of electrocution.
* * * LOW HITPOINT WARNING * * *
You are electrocuted!
You die...

Action                   |  1- 3 |  4- 6 |  7- 9 || total
-------------------------+-------+-------+-------++-------
Melee: Quarterstaff      |    81 |   238 |   145 ||   464
Throw: Throwing net      |     3 |     1 |     2 ||     6
       Dart              |       |       |     2 ||     2
Invok: Heroism           |     1 |     5 |     4 ||    10
  Use: Potion            |       |       |     4 ||     4
 Stab: Sleeping          |     1 |     1 |     3 ||     5
       Held in net/web   |       |     1 |     1 ||     2
       Invisible         |       |       |     5 ||     5
Armor: Leather armour    |    20 |    43 |    21 ||    84
Dodge: Dodged            |    52 |   172 |   131 ||   355

Levels and vault maps discovered:
D:1:      eino_arrival_water_star, layout_basic,
          chequers_ecumenical_altar_grove, serial_shops, shop, shop, shop
D:2:      layout_basic, basic_altar, minmay_misc_feat_hallway, uniq_jessica
D:3:      layout_basic, nicolae_gozag_zags_fifth_avenue, serial_shops, shop,
          uniq_terence
D:4:      layout_basic, grunt_temple_overflow_magic_moments,
          nemelex_dance_club_becter, mainiacjoe_overflow_big_doors,
          kennysheep_slug_shrine, serial_shops, nicolae_shop_crystal,
          kennysheep_mini_moat, shop, nicolae_diamond_shop, kennysheep_mini
D:5:      layout_loops_corners, gup_sewer_entry_pipe, minmay_misc_feat_pillars,
          uniq_pikel, uniq_crazy_yiuf_cottage, uniq_menkaure

Notes
Turn   | Place    | Note
-------+----------+-------------------------------------------
     0 | D:1      | sanka the Deep Elf Gladiator began the quest for the Orb.
     0 | D:1      | Reached XP level 1. HP: 12/12 MP: 3/3
   217 | D:1      | Reached skill level 4 in Dodging
   217 | D:1      | Reached XP level 2. HP: 15/17 MP: 4/4
   230 | D:1      | Reached skill level 2 in Fighting
   688 | D:1      | Found Igusuinn's Distillery.
   934 | D:1      | Reached XP level 3. HP: 17/21 MP: 5/5
  1212 | D:1      | Found Kimehuta's Armour Shop.
  1230 | D:1      | Found Puroav's Antique Weapon Boutique.
  1301 | D:1      | Found a faded altar of an unknown god.
  1445 | D:1      | Became a worshipper of Warmaster Okawaru
  1445 | D:1      | Reached * piety under Okawaru
  1487 | D:2      | Found a bloodstained altar of Trog.
  1599 | D:2      | Noticed Jessica
  1610 | D:2      | Killed Jessica
  1611 | D:2      | Reached skill level 2 in Invocations
  1611 | D:2      | Reached XP level 4. HP: 21/27 MP: 3/7
  2247 | D:3      | Found Bemuux's Weapon Shoppe.
  2327 | D:3      | Reached skill level 3 in Invocations
  2671 | D:3      | Reached skill level 4 in Invocations
  2671 | D:3      | Reached XP level 5. HP: 23/31 MP: 8/10
  2985 | D:3      | Noticed Terence
  3020 | D:3      | Killed Terence
  3806 | D:3      | Reached skill level 5 in Dodging
  4134 | D:3      | Found Gozag's Platinum Reserve.
  4256 | D:3      | Reached XP level 6. HP: 17/36 MP: 8/11
  4782 | D:3      | HP: 2/36 [gnoll (4)]
  5200 | D:3      | Reached skill level 3 in Fighting
  5497 | D:3      | Found an opulent altar of Gozag.
  5550 | D:4      | Found Gueblal's Antique Armour Shoppe.
  5564 | D:4      | Reached skill level 4 in Staves
  5946 | D:4      | Found Vecel's Antique Weapon Emporium.
  5990 | D:4      | Found a snail-covered altar of Cheibriados.
  6045 | D:4      | Reached ** piety under Okawaru
  6046 | D:4      | Reached skill level 6 in Dodging
  6046 | D:4      | Reached XP level 7. HP: 19/41 MP: 9/12
  6070 | D:4      | Found a stormy altar of Qazlal.
  6075 | D:4      | Found a hide-covered altar of Uskayaw.
  6165 | D:4      | Found Megokhleb's Jewellery Emporium.
  6295 | D:4      | Found a shimmering blue altar of Sif Muna.
  6296 | D:4      | Found an ancient bone altar of Kikubaaqudgha.
  6297 | D:4      | Found a radiant altar of Vehumet.
  6302 | D:4      | Got Sif Muna's Collected Works on the Compass
  6323 | D:4      | Found Yttix's Magic Scroll Shop.
  6336 | D:4      | Bought a smoking leather armour for 175 gold pieces
  6336 | D:4      | Identified the +1 leather armour of Perpetual Drought {rC+}
                  | (You bought it in a shop on level 4 of the Dungeon)
  6428 | D:4      | Found a sparkling altar of Nemelex Xobeh.
  6545 | D:4      | Found Guwoqut's Assorted Antiques.
  6569 | D:4      | Reached skill level 5 in Staves
  6593 | D:4      | HP: 2/41 [killer bee (8)]
  6603 | D:4      | Reached skill level 7 in Dodging
  6728 | D:5      | Entered Level 5 of the Dungeon
  6945 | D:5      | Noticed Menkaure
  6964 | D:5      | Killed Menkaure
  6965 | D:5      | Reached skill level 6 in Staves
  6965 | D:5      | Reached XP level 8. HP: 28/46 MP: 10/13
  7067 | D:5      | Noticed Pikel
  7121 | D:5      | Slain by Pikel

Vanquished Creatures
  Menkaure (D:5)
  A necrophage (D:4)
  2 ogres (D:4)
  A lemure (D:5)
  A scorpion (D:4)
  3 killer bees (D:4)
  A hound (D:4)
  A jelly (D:5)
  2 orc priests (D:3)
  Jessica (D:2)
  Terence (D:3)
  9 gnolls
  6 adders
  2 ufetubi (D:4)
  2 adder skeletons
  A worm (D:3)
  6 dart slugs
  13 orcs
  8 endoplasms
  4 giant cockroaches
  5 goblins
  4 hobgoblins
  4 jackals (D:1)
  8 kobolds
  2 quokkas (D:1)
  8 ball pythons
  4 bats
  4 rats
105 creatures vanquished.
